 Dungeon Crawl Stone Soup version 0.26-b1-32-g5d43845318 (webtiles) character file.

Game seed: 950603237416800252

251 funkygono the Covert (level 5, -4/32 HPs)
             Began as a Vampire Delver on Jan 10, 2021.
             Slain by a killer bee (6 damage)
             ... on level 4 of the Dungeon.
             The game lasted 00:01:27 (671 turns).

funkygono the Covert (Vampire Delver)                Turns: 671, Time: 00:01:27

Health: -4/32      AC:  3    Str: 12    XL:     5   Next: 88%
Magic:  5/5        EV: 12    Int: 13    God:
Gold:   48         SH:  0    Dex: 15    Spells: 4/4 levels left

rFire    . . .     SeeInvis +   l - +0 rapier
rCold    + + .     Faith    .   (no shield)
rNeg     + + +     Spirit   .   b - +0 leather armour
rPois    ∞         Reflect  .   (no helmet)
rElec    .         Harm     .   (no cloak)
rCorr    .         Rampage  .   (no gloves)
Will     .....                  (no boots)
Stlth    ++++++....             (no amulet)
HPRegen  0.00/turn              (no ring)
MPRegen  0.09/turn              (no ring)

@: bloodless
A: fangs 3, see invisible, unbreathing
a: Bat Form, Revivify


You were on level 4 of the Dungeon.
You visited 1 branch of the dungeon, and saw 2 of its levels.

You collected 48 gold pieces.

Inventory:

Hand Weapons
 a - a +0 short sword
 l - a +0 rapier (weapon)
 m - a +1 vorpal falchion
Armour
 b - a +0 leather armour (worn)
Wands
 g - a wand of digging (3)
Scrolls
 c - 2 scrolls of fog
 d - a scroll of magic mapping
 e - a scroll of fear
 h - a scroll of enchant weapon {unknown}
 k - 2 scrolls of identify {unknown}
Potions
 f - a potion of haste
 i - a potion of invisibility {unknown}
 j - a potion of brilliance {unknown}


   Skills:
 + Level 3.4 Fighting
 + Level 3.3 Short Blades
 + Level 1.1 Armour
 + Level 2.7 Dodging
 + Level 9.8 Stealth


You had 4 spell levels left.
You didn't know any spells.
Your spell library was empty.

Dungeon Overview and Level Annotations

Branches:
Dungeon (5/15)
 Temple: D:4-7

Altars:
Cheibriados


Innate Abilities, Weirdness & Mutations

You do not regenerate when monsters are visible.
You are frail without blood (-20% HP).
You can heal yourself when you bite living creatures.
You are immune to poison.
You have razor-sharp teeth.
You have supernaturally acute eyesight. (SInv)
You can survive without breathing.


Message History

You closely miss the killer bee. You bite the killer bee.
The killer bee is lightly wounded.
The killer bee stings you. x2
* * * LOW HITPOINT WARNING * * *
The killer bee barely misses you.
You hit the killer bee.
The killer bee is lightly wounded.
The killer bee barely misses you. The killer bee stings you.
* * * LOW HITPOINT WARNING * * *
The killer bee barely misses you. The killer bee closely misses you.
The killer bee barely misses you. The killer bee barely misses you.
The killer bee stings you.
* * * LOW HITPOINT WARNING * * *
The killer bee completely misses you.
You hit the killer bee. Your bite misses the killer bee.
The killer bee is heavily wounded.
You hear the slow hiss of a distant avalanche of sand.
The killer bee stings you.
You die...

### #.# #.# ... #.#
#.# .###.##
##.########.#
.......##...#.......#
.#.....#......####..#
..........y....# #..#
.#...(.###y##.†###..#
#..... #y##.......#
=.....# #@##.####.##
.....# #.##.# #.#
##### #.##.# #.#
#.##.. ..# ....## ###
.... ... .....


You could see 3 killer bees.

Vanquished Creatures
  A necrophage (D:5)
  A scorpion (D:5)
  A bullfrog zombie (D:5)
  An iguana (D:5)
  A worker ant (D:5)
  An adder (D:4)
  A shadow imp (D:5)
  A white imp (D:5)
  A worm (D:5)
  A leopard gecko (D:5)
  2 jackals (D:4)
  A giant cockroach zombie (D:5)
13 creatures vanquished.

Notes
Turn   | Place    | Note
-------+----------+-------------------------------------------
     0 | D:5      | funkygono the Vampire Delver began the quest for the Orb.
     0 | D:5      | Reached XP level 1. HP: 17/17 MP: 1/1
     1 | D:5      | Noticed a necrophage
    24 | D:5      | Killed a necrophage
    25 | D:5      | Reached skill level 8 in Stealth
    25 | D:5      | Reached XP level 2. HP: 4/24 MP: 2/2
    25 | D:5      | Reached XP level 3. HP: 5/29 MP: 3/3
    25 | D:5      | Reached XP level 4. HP: 6/35 MP: 4/4
   194 | D:5      | Reached skill level 9 in Stealth
   516 | D:5      | Reached XP level 5. HP: 32/32 MP: 5/5
   522 | D:5      | Found a snail-covered altar of Cheibriados.
   575 | D:5      | Reached skill level 1 in Armour
   671 | D:4      | Slain by a killer bee

Illustrated notes

Levels and vault maps discovered:
D:4:      layout_loops_corners, serial_shops, shop,
          nicolae_ossuary_entry_catacombs, uniq_edmund, uniq_robin
D:5:      kennysheep_six_static_rooms, layout_basic, lemuel_crystal_altar,
          makhleb_altar_promises_db, uniq_crazy_yiuf_cottage

Skill      XL: |  1  2  3  4  5 |
---------------+----------------+-----
Fighting       | 3 |  3.4
Stealth        | 8 9 |  9.8
Short Blades   | 3 |  3.3
Armour         | 1 |  1.1
Dodging        | |  2.7

Action                   |  1- 3 |  4- 6 || total
-------------------------+-------+-------++-------
Melee: Short sword       |    20 |    26 ||    46
       Bite              |     5 |     6 ||    11
       Rapier            |       |    16 ||    16
 Abil: Exsanguinate      |       |     1 ||     1
 Stab: Sleeping          |       |     6 ||     6
Armor: Leather armour    |     2 |     3 ||     5
Dodge: Dodged            |    10 |    32 ||    42
